Match 41225650
Unlisted

Match 41225650
End
Panzergrenadier Squad
Selects Panzerjäger Kommand Battlegroup
Selects Blockade Equipment
250 Light Carrier
Panzergrenadier Squad
Construct Light Support Kompanie
Combat Half-tracks
Selects Tank Busters
Panzergrenadier Squad
Construct Mechanized Kompanie
Support Armor Elements
Panzerjäger Mechanized Group
StuG III D Assault Gun
2.5-tonne Medical Truck
18-tonne Recovery Half-track
Veteran Squad Leaders
StuG III D Assault Gun
Pak 38 Mechanized Group
Panzergrenadier Squad
Selects Crew Shock Tactics
254 Reconnaissance Tractor
254 Reconnaissance Tractor
StuG III D Assault Gun
Selects Anti-tank Overwatch
Selects Early Warning
Selects Butterfly Bomb Drop
Butterfly Bomb Drop
Anti-tank Overwatch
Panzergrenadier Squad
MG34 Team
Early Warning
Dunkerque
NEP_wilson_NEP
KusseKarl
Zulu
0
0

Comments sign in to comment!

No comments posted yet!